 Dungeon Sprint DCSS version 0.17-a0-2127-g1cb09f6 (webtiles) character file.

148177 Kidiri the Imperceptible (level 16, -2/88 HPs)
             Began as a Spriggan Enchanter on Oct 23, 2015.
             Was the Champion of Dithmenos.
             Slain by an emperor scorpion (10 damage)
             ... summoned by a greater mummy
             ... in the Dungeon (Sprint III: "The Ten Rune Challenge").
             The game lasted 01:28:11 (18612 turns).

Kidiri the Imperceptible (Spriggan Enchanter)      Turns: 18612, Time: 01:28:11

Health: -2/88      AC:  8    Str:  4    XL:     16   Next: 29%
Magic:  0/51       EV: 50    Int: 20    God:    Dithmenos [******]
Gold:   642        SH:  8    Dex: 24    Spells: 13 memorised, 7 levels left

rFire  . . .     SeeInvis +     E - +8 quick blade
rCold  . . .     Clarity  +     (armour restricted)
rNeg   . . .     SustAt   .     J - +0 buckler
rPois  .         Gourm    .     T - +0 hat {Spirit}
rElec  .         Spirit   +     d - +1 cloak {+Inv}
rCorr  +         Warding  .     (gloves unavailable)
rMut   .         NoTele   +     (boots unavailable)
MR     ++...                    c - amulet of resist corrosion
Stlth  ++++++++++               Y - +4 ring of dexterity
                                V - ring of magical power

@: phasing, stone skin, very slightly contaminated, slowed, wreathed by umbra,
deflect missiles, quick, very resistant to hostile enchantments, uncannily
stealthy
A: unfitting armour, see invisible, clarity, herbivore 3, speed 3, slow
metabolism 2, wild magic 1, evolution 1
a: Shadow Step, Shadow Form, Renounce Religion, Evoke Invisibility
}: 2/10 runes: decaying, serpentine


You were in the Dungeon.
You worshipped Dithmenos.
Dithmenos was exalted by your worship.
You were not hungry.

You visited 1 branch You collected 2951 gold pieces.
You spent 2309 gold pieces at shops.

Inventory:

Hand Weapons
 e - the +1 rapier of Winter {freeze, +Fly}
   (You bought it in a shop in the Dungeon)

   It has been specially enchanted to freeze those struck by it, causing extra
   injury to most foes and up to half again as much damage against particularly
   susceptible opponents.
   It can also slow down cold-blooded creatures.
   It lets you fly.
 E - a +8 quick blade (weapon)
Missiles
 v - 9 throwing nets (quivered)
Armour
 d - a +1 cloak of invisibility (worn)
 D - a +2 robe of poison resistance
 J - a +0 buckler (worn)
 T - a +0 hat of spirit shield (worn)
Jewellery
 c - an amulet of resist corrosion (around neck)
 V - a ring of magical power (left hand)
 Y - a +4 ring of dexterity (right hand)
Wands
 l - a wand of digging (5)
 A - a wand of disintegration (15)
 C - a wand of disintegration (4)
 F - a wand of heal wounds (0)
 P - a wand of slowing (15)
Scrolls
 a - 5 scrolls of amnesia {unknown}
 p - a scroll of holy word {unknown}
 q - 4 scrolls of remove curse
 u - 2 scrolls of immolation {unknown}
 y - a scroll of silence {unknown}
 X - a scroll of recharging {unknown}
Potions
 g - a potion of haste
 i - a potion of agility
 j - a potion of curing
 o - a potion of mutation
 s - a potion of cure mutation
 t - 3 potions of flight {unknown}
 x - a potion of beneficial mutation {unknown}
 B - a potion of cancellation {unknown}
 U - a potion of invisibility {unknown}
Books
 G - a book of Annihilations

   Spells                             Type                      Level
   a - Poison Arrow                   Conjuration/Poison           6
   b - Chain Lightning                Conjuration/Air              8
   c - Lehudib's Crystal Spear        Conjuration/Earth            8
   d - Glaciate                       Conjuration/Ice              9
   e - Fire Storm                     Conjuration/Fire             9
Comestibles
 r - 21 royal jellies
 K - 3 fruits


   Skills:
 + Level 11.5 Fighting
 * Level 19.6 Short Blades
 + Level 10.7 Armour
 * Level 23.9 Dodging
 * Level 26.1 Stealth
 * Level 2.5 Shields
 * Level 21.1 Spellcasting
 + Level 10.4 Conjurations
 + Level 15.9 Hexes
 + Level 11.6 Charms
 + Level 11.6 Translocations
 + Level 10.8 Transmutations
 + Level 11.5 Ice Magic
 + Level 7.4 Air Magic
 + Level 7.6 Earth Magic
 + Level 8.4 Poison Magic
 - Level 2.8 Invocations


You had 7 spell levels left.
You knew the following spells:

 Your Spells              Type           Power        Failure   Level  Hunger
a - Corona                Hex            #######      1%          1    None
b - Ensorcelled Hibernat  Hex/Ice        ######       1%          2    None
c - Confuse               Hex            #######.     1%          3    None
d - Tukima's Dance        Hex            #######.     1%          3    None
e - Dazzling Spray        Conj/Hex       #######.     1%          3    None
f - Cause Fear            Hex            #######...   1%          4    None
g - Deflect Missiles      Chrm/Air       ######....   22%         6    ####...
h - Discord               Hex            #######...   45%         8    #######
i - Apportation           Tloc           #######...   1%          1    None
j - Phase Shift           Tloc           #######...   3%          5    None
k - Stoneskin             Trmt/Erth      ######..     1%          2    None
l - Poisonous Cloud       Conj/Pois/Air  ######....   26%         6    ####...
m - Poison Arrow          Conj/Pois      ######....   22%         6    ####...


Dungeon Overview and Level Annotations

Branches:
Dungeon (1/1)

Altars:
Cheibriados
Dithmenos
Elyvilon
Fedhas
Gozag
Kikubaaqudgha
Makhleb
Nemelex Xobeh
Okawaru
Qazlal
Ru
Sif Muna
Trog
Vehumet
Xom
Yredelemnul
Zin
The Shining One
Jiyva
Lugonu

Shops:
D =%(![=*![[%!%!}}::?[=[(*

Annotations:
D Royal Jelly


Innate Abilities, Weirdness & Mutations

You are tiny and cannot use many weapons and most armour.
You have supernaturally acute eyesight.
You are a herbivore.
You cover ground extremely quickly.
You need consume almost no food.
You possess an exceptional clarity of mind.
Your spells are a little harder to cast, but a little more powerful.
You evolve.


Message History

The greater mummy is moderately damaged.
Your shadow hits the greater mummy with a quick blade.
You momentarily phase out as the death scarab's attack passes through you.
The death scarab bites you!!
* * * LOW HITPOINT WARNING * * *
You emit a cloud of dark smoke.
The death scarab completely misses you.
You block the emperor scorpion's attack.
The emperor scorpion claws you but does no damage. x2
The greater mummy hits you but does no damage.
Drink which item? (? for menu, Esc to quit)
You feel better. The death scarab completely misses you.
The death scarab completely misses you. You block the death scarab's attack.
The death scarab completely misses you. The death scarab bites you!
* * * LOW HITPOINT WARNING * * *
You emit a cloud of dark smoke.
The death scarab drains your vigour!
You feel as though you will be slow longer.
The death scarab draws strength from your injuries!
* * * LOW HITPOINT WARNING * * *
The death scarab completely misses you. The emperor scorpion stings you!
You die...

+##############..^.......^...#..#
..##.#§≈≈≈≈§##################..#
...##+#.≈≈.§#.#.................#
....###....≈#.▓'▓▓▓▓▓▓▓▓▓▓▓▓▓▓▓▓▓
....+......§..▓..#.......^.....^#
....#####.§≈#.▓.§#..^....M.....^#
...##...##.§#.▓§B#.M##########^^#
..###.#..##§##▓§B#..#.§..§§|?#§^#
+####.##.##...▓s@#..#§§bM§§)=#§.#
≈≈≈+#.##.####.▓BM#^.#sMMB.s|[#§.#
≈≈.#..##......▓.B#..#§§§BMφ}}#..#
≈≈.#######+###▓§.#..#M########M.#
.≈.# ▓..#..#...M§§§§.^.# .≈≈+
▓..'.^#...M§§.§.^.# ≈≈.#
▓################## ...#
##+#######+###▓


You could see a greater mummy, an emperor scorpion and 4 death scarabs.

Vanquished Creatures
  Mara (D)
  Boris (D)
  Frederick (D)
  Sigmund (D)
  Rupert (D)
  A lich (D)
  A deep elf master archer (D)
  An acid blob (D)
  An ancient champion (D)
  2 sphinxes (D)
  Gastronok (D)
  Chuck (D)
  2 shadow dragons (D)
  7 azure jellies (D)
  A greater naga (D)
  Roxanne (D)
  Maud (D)
  A vampire knight (D)
  2 deep elf demonologists (D)
  A deep elf annihilator (D)
  Azrael (D)
  2 dire elephants (D)
  7 mummy priests (D)
  A fire dragon (D)
  4 yaktaur captains (D)
  2 deep elf high priests (D)
  5 ice dragons (D)
  2 hydras (D)
  A naga warrior (D)
  2 anacondas (D)
  Erica (D)
  An ogre mage (D)
  4 dancing weapons (D)
  4 death yaks (D)
  2 centaur warriors (D)
  3 orc high priests (D)
  A shock serpent (shapeshifter) (D)
  A shadow wraith (D)
  A deep elf knight (D)
  6 skeletal warriors (D)
  An anaconda zombie (D)
  2 golden dragon zombies (D)
  An unseen horror (D)
  A spriggan druid (D)
  A death drake (D)
  2 deep elf summoners (D)
  An obsidian statue (D)
  A lindwurm (D)
  3 deep elf conjurers (D)
  2 spectral iron dragons (D)
  5 ugly things (D)
  2 oklob plants (D)
  A mana viper (shapeshifter) (D)
  A wolf spider (shapeshifter) (D)
  4 crystal guardians (D)
  2 hornets (D)
  An orc sorcerer (D)
  A stone giant skeleton (D)
  2 elephants (D)
  A molten gargoyle (D)
  2 shining eyes (D)
  4 statues (D)
  An elephant (shapeshifter) (D)
  Edmund (D)
  A guardian serpent (D)
  An orange crystal statue (D)
  A yaktaur (D)
  5 black mambas (D)
  2 spiny frogs (D)
  A komodo dragon (D)
  3 wandering mushrooms (D)
  A fire drake (D)
  A deep elf priest (D)
  A queen bee (D)
  16 guardian mummies (D)
  4 spriggan defenders (D)
  7 slime creatures (D)
  8 blink frogs (D)
  2 spriggans (D)
  3 redbacks (D)
  A shadow (D)
  2 redbacks (shapeshifter) (D)
  2 iron troll simulacra (D)
  2 nagas (D)
  A spatial vortex (D)
  4 hydra simulacra (D)
  3 water moccasins (D)
  A wasp (D)
  A necrophage (D)
  A swamp drake (D)
  2 orc warriors (D)
  A fire dragon simulacrum (D)
  2 centaurs (D)
  An earth elemental (D)
  2 brain worms (D)
  A water elemental (D)
  A scorpion (D)
  32 killer bees (D)
  A wizard (D)
  An electric eel (D)
  A jelly (D)
  3 orc wizards (D)
  Jessica (D)
  A necromancer (D)
  6 orc priests (D)
  3 humans (D)
  A kobold demonologist (D)
  7 adders (D)
  2 giant eyeballs (D)
  2 swamp drake simulacra (D)
  7 orcs (D)
  3 rats (D)
  7 bushes (D)
  8 plants (D)
294 creatures vanquished.

Vanquished Creatures (collateral kills)
  A vampire knight (D)
1 creature vanquished.

Vanquished Creatures (others)
  2 draconian scorchers (D)
  Nessos (D)
  A mummy priest (D)
  A hydra (D)
  3 yaktaurs (D)
  2 guardian mummies (D)
  A bush (D)
  17 plants (D)
28 creatures vanquished.

Grand Total: 323 creatures vanquished

Notes
Turn   | Place    | Note
--------------------------------------------------------------
     0 | D        | Kidiri the Spriggan Enchanter began the quest for the Orb.
     0 | D        | Reached XP level 1. HP: 9/9 MP: 5/5
    66 | D        | Noticed Jessica
    70 | D        | Killed Jessica
    70 | D        | Reached skill level 1 in Fighting
    70 | D        | Reached skill level 1 in Armour
    70 | D        | Reached skill level 5 in Stealth
    70 | D        | Reached XP level 2. HP: 12/14 MP: 6/8
    87 | D        | Learned a level 2 spell: Ensorcelled Hibernation
   113 | D        | Noticed a scorpion
   116 | D        | Killed a scorpion
   116 | D        | Reached skill level 5 in Dodging
   116 | D        | Reached skill level 6 in Stealth
   116 | D        | Reached skill level 1 in Ice Magic
   116 | D        | Reached XP level 3. HP: 18/18 MP: 10/10
   116 | D        | Reached XP level 4. HP: 22/22 MP: 11/11
   128 | D        | Reached skill level 7 in Stealth
   128 | D        | Reached skill level 5 in Spellcasting
   185 | D        | Learned a level 3 spell: Confuse
   189 | D        | Learned a level 3 spell: Dazzling Spray
   193 | D        | Learned a level 3 spell: Tukima's Dance
   195 | D        | Gained mutation: Your mind is acute. (Int +2) [potion of mutation]
   195 | D        | Gained mutation: Your muscles are strong. (Str +2) [potion of mutation]
   195 | D        | Gained mutation: You evolve. [potion of mutation]
   198 | D        | Killed a four-headed hydra
   287 | D        | Noticed a water elemental
   307 | D        | Killed a water elemental
   307 | D        | Reached XP level 5. HP: 11/26 MP: 1/14
   309 | D        | Killed a white draconian scorcher
   317 | D        | Killed a white draconian scorcher
   443 | D        | Killed a yaktaur
   538 | D        | Noticed a jelly
   539 | D        | Noticed a shadow
   541 | D        | Killed a shadow
   541 | D        | Reached skill level 5 in Short Blades
   541 | D        | Reached skill level 8 in Dodging
   541 | D        | Reached skill level 9 in Stealth
   541 | D        | Reached skill level 1 in Conjurations
   541 | D        | Reached skill level 5 in Hexes
   541 | D        | Reached XP level 6. HP: 30/32 MP: 14/16
   545 | D        | Killed a jelly
   550 | D        | Found a stormy altar of Qazlal.
   551 | D        | Found a sacrificial altar of Ru.
   551 | D        | Found a burning altar of Makhleb.
   551 | D        | Found a viscous altar of Jiyva.
   551 | D        | Found a shimmering altar of Xom.
   551 | D        | Found a shadowy altar of Dithmenos.
   551 | D        | Found a sparkling altar of Nemelex Xobeh.
   551 | D        | Found a corrupted altar of Lugonu.
   551 | D        | Found an opulent altar of Gozag.
   551 | D        | Noticed a spatial vortex
   556 | D        | Became a worshipper of Dithmenos the Shadowed
   569 | D        | Killed a spatial vortex
   569 | D        | Reached skill level 1 in Invocations
   677 | D        | Found a radiant altar of Vehumet.
   678 | D        | Found a deep blue altar of Sif Muna.
   678 | D        | Found an ancient bone altar of Kikubaaqudgha.
   678 | D        | Noticed a wizard
   679 | D        | Killed a wizard
   679 | D        | Reached skill level 10 in Stealth
   697 | D        | Found a glowing silver altar of Zin.
   698 | D        | Found a glowing golden altar of the Shining One.
   698 | D        | Found a white marble altar of Elyvilon.
   698 | D        | Noticed a deep elf priest
   700 | D        | Killed a deep elf priest
   700 | D        | Reached * piety under Dithmenos
   700 | D        | Reached XP level 7. HP: 36/36 MP: 17/19
   712 | D        | Found an iron altar of Okawaru.
   713 | D        | Found a bloodstained altar of Trog.
   713 | D        | Noticed a human
   713 | D        | Noticed a human
   715 | D        | Killed a human
   715 | D        | Reached skill level 10 in Dodging
   715 | D        | Reached skill level 11 in Stealth
   716 | D        | Killed a human
   774 | D        | Found a snail-covered altar of Cheibriados.
   774 | D        | Noticed a necrophage
   775 | D        | Found a basalt altar of Yredelemnul.
   775 | D        | Found a blossoming altar of Fedhas.
   775 | D        | Noticed a necromancer
   779 | D        | Killed a necromancer
   779 | D        | Reached ** piety under Dithmenos
   779 | D        | Reached XP level 8. HP: 42/42 MP: 11/21
   788 | D        | Killed a necrophage
   852 | D        | Noticed Erica
   855 | D        | Killed Erica
   855 | D        | Reached skill level 12 in Stealth
   864 | D        | Noticed an earth elemental
   867 | D        | Killed an earth elemental
   872 | D        | Noticed a centaur
   872 | D        | Noticed a centaur warrior
   872 | D        | Noticed a centaur
   874 | D        | Killed a centaur
   966 | D        | Lost mutation: Your mind is acute. (Int +2) [evolution]
  1208 | D        | Killed a centaur
  1208 | D        | Reached skill level 10 in Spellcasting
  1208 | D        | Reached XP level 9. HP: 46/46 MP: 18/24
  1214 | D        | Noticed an unseen horror
  1307 | D        | Killed an unseen horror
  1307 | D        | Reached *** piety under Dithmenos
  1307 | D        | Reached skill level 13 in Stealth
  1317 | D        | Killed a centaur warrior
  1317 | D        | Reached skill level 5 in Fighting
  1407 | D        | Noticed a killer bee
  1407 | D        | Noticed a killer bee
  1407 | D        | Noticed a killer bee
  1407 | D        | Noticed a killer bee
  1407 | D        | Noticed a killer bee
  1407 | D        | Noticed a killer bee
  1407 | D        | Noticed a killer bee
  1407 | D        | Noticed a killer bee
  1407 | D        | Noticed a killer bee
  1407 | D        | Noticed a killer bee
  1407 | D        | Noticed a killer bee
  1407 | D        | Noticed a killer bee
  1407 | D        | Noticed a killer bee
  1407 | D        | Noticed a killer bee
  1407 | D        | Noticed a killer bee
  1604 | D        | Noticed a killer bee
  1604 | D        | Noticed a killer bee
  1604 | D        | Noticed a killer bee
  1604 | D        | Noticed a killer bee
  1604 | D        | Noticed a killer bee
  1604 | D        | Noticed a killer bee
  1604 | D        | Noticed a killer bee
  1604 | D        | Noticed a killer bee
  1604 | D        | Noticed a queen bee
  1604 | D        | Noticed a killer bee
  1604 | D        | Noticed a killer bee
  1604 | D        | Noticed a killer bee
  1604 | D        | Noticed a killer bee
  1604 | D        | Noticed a killer bee
  1604 | D        | Noticed a killer bee
  1604 | D        | Noticed a killer bee
  1604 | D        | Noticed a killer bee
  1604 | D        | Noticed a killer bee
  1605 | D        | Killed a killer bee
  1608 | D        | Killed a killer bee
  1610 | D        | Killed a killer bee
  1614 | D        | Killed a killer bee
  1614 | D        | Reached **** piety under Dithmenos
  1614 | D        | Reached skill level 14 in Stealth
  1616 | D        | Killed a killer bee
  1620 | D        | Killed a killer bee
  1620 | D        | Reached skill level 5 in Ice Magic
  1624 | D        | Killed a killer bee
  1626 | D        | Killed a killer bee
  1626 | D        | Reached skill level 10 in Short Blades
  1630 | D        | Killed a killer bee
  1632 | D        | Killed a killer bee
  1632 | D        | Reached ***** piety under Dithmenos
  1772 | D        | Killed a killer bee
  1774 | D        | Killed a killer bee
  1776 | D        | Killed a killer bee
  1778 | D        | Killed a killer bee
  1780 | D        | Killed a killer bee
  1782 | D        | Killed a killer bee
  1784 | D        | Killed a killer bee
  1787 | D        | Killed a killer bee
  1787 | D        | Reached XP level 10. HP: 42/51 MP: 9/26
  1789 | D        | Killed a killer bee
  1791 | D        | Killed a killer bee
  1793 | D        | Killed a killer bee
  1793 | D        | Reached ****** piety under Dithmenos
  1795 | D        | Killed a killer bee
  1797 | D        | Killed a killer bee
  1808 | D        | Killed a killer bee
  1941 | D        | Killed a killer bee
  1941 | D        | Reached skill level 5 in Armour
  1945 | D        | Killed a killer bee
  1947 | D        | Killed a killer bee
  1951 | D        | Killed a killer bee
  1953 | D        | Killed a killer bee
  1955 | D        | Killed a killer bee
  1957 | D        | Killed a killer bee
  1959 | D        | Killed a queen bee
  1961 | D        | Killed a killer bee
  2121 | D        | Noticed a wandering mushroom
  2122 | D        | Noticed a wandering mushroom
  2122 | D        | Noticed a wandering mushroom
  2125 | D        | Killed a wandering mushroom
  2125 | D        | Reached skill level 15 in Stealth
  2129 | D        | Killed a wandering mushroom
  2135 | D        | Killed a wandering mushroom
  2264 | D        | Noticed a spiny frog
  2264 | D        | Noticed a komodo dragon
  2264 | D        | Noticed a spiny frog
  2267 | D        | Killed a spiny frog
  2269 | D        | Killed a spiny frog
  2270 | D        | Killed a komodo dragon
  2280 | D        | Noticed a redback
  2282 | D        | Killed a redback
  2283 | D        | Noticed a brain worm
  2286 | D        | Killed a brain worm
  2292 | D        | Noticed a brain worm
  2294 | D        | Killed a brain worm
  2300 | D        | Noticed a lindwurm
  2302 | D        | Noticed a redback
  2303 | D        | Killed a lindwurm
  2303 | D        | Reached skill level 5 in Conjurations
  2305 | D        | Killed a redback
  2310 | D        | Noticed a redback
  2311 | D        | Killed a redback
  2312 | D        | Noticed Maud
  2314 | D        | Killed Maud
  2314 | D        | Reached skill level 16 in Stealth
  2314 | D        | Reached XP level 11. HP: 57/57 MP: 28/28
  2318 | D        | Noticed an electric eel
  2319 | D        | Noticed a four-headed hydra
  2319 | D        | Noticed a six-headed hydra
  2320 | D        | Killed an electric eel
  2322 | D        | Killed a four-headed hydra
  2322 | D        | Reached skill level 15 in Dodging
  2323 | D        | Killed a six-headed hydra
  2323 | D        | Reached skill level 10 in Hexes
  2367 | D        | Noticed a death drake
  2369 | D        | Killed a death drake
  2376 | D        | Found a blossoming altar of Fedhas.
  2376 | D        | Noticed a spriggan
  2376 | D        | Noticed a spriggan druid
  2376 | D        | Noticed a spriggan
  2378 | D        | Killed a spriggan druid
  2378 | D        | Reached skill level 17 in Stealth
  2379 | D        | Killed a spriggan
  2380 | D        | Killed a spriggan
  2420 | D        | Noticed a black mamba
  2420 | D        | Noticed a water moccasin
  2421 | D        | Noticed a black mamba
  2424 | D        | Killed a black mamba
  2426 | D        | Killed a water moccasin
  2428 | D        | Killed a black mamba
  2463 | D        | Noticed a black mamba
  2463 | D        | Noticed a water moccasin
  2472 | D        | Killed a water moccasin
  2475 | D        | Killed a black mamba
  2522 | D        | Noticed an anaconda
  2531 | D        | Killed an anaconda
  2554 | D        | Noticed a water moccasin
  2554 | D        | Noticed an anaconda
  2558 | D        | Killed a water moccasin
  2560 | D        | Killed an anaconda
  2577 | D        | Noticed a naga
  2577 | D        | Noticed a naga
  2578 | D        | Noticed a naga warrior
  2578 | D        | Noticed a greater naga
  2578 | D        | Found Odadecom's Distillery.
  2578 | D        | Found Feohuygo's Antique Armour Shoppe.
  2579 | D        | Killed a naga
  2580 | D        | Killed a naga
  2581 | D        | Found Nuem's Jewellery Boutique.
  2582 | D        | Killed a greater naga
  2582 | D        | Reached skill level 18 in Stealth
  2582 | D        | Reached XP level 12. HP: 63/63 MP: 26/31
  2583 | D        | Killed a naga warrior
  2610 | D        | Noticed a guardian serpent
  2623 | D        | Killed a guardian serpent
  2626 | D        | Got a serpentine rune of Zot
  2944 | D        | Noticed a swamp drake
  2944 | D        | Noticed a fire drake
  2945 | D        | Killed a fire drake
  2947 | D        | Killed a swamp drake
  3011 | D        | Noticed a blink frog
  3011 | D        | Noticed a blink frog
  3011 | D        | Noticed a blink frog
  3012 | D        | Noticed a blink frog
  3012 | D        | Noticed a blink frog
  3013 | D        | Killed a blink frog
  3024 | D        | Killed a blink frog
  3033 | D        | Killed a blink frog
  3043 | D        | Killed a blink frog
  3046 | D        | Killed a blink frog
  3124 | D        | Killed a yaktaur
  3149 | D        | Noticed Rupert
  3154 | D        | Killed Rupert
  3154 | D        | Reached skill level 15 in Spellcasting
  3177 | D        | Noticed a death yak
  3178 | D        | Noticed a death yak
  3178 | D        | Noticed a blink frog
  3179 | D        | Noticed an azure jelly
  3179 | D        | Noticed a death yak
  3179 | D        | Noticed an azure jelly
  3179 | D        | Noticed a blink frog
  3179 | D        | Noticed a death yak
  3180 | D        | Noticed a blink frog
  3188 | D        | Killed a death yak
  3188 | D        | Reached skill level 19 in Stealth
  3325 | D        | Noticed a black mamba
  3325 | D        | Noticed a black mamba
  3339 | D        | Killed a blink frog
  3349 | D        | Killed a death yak
  3475 | D        | Killed a black mamba
  3478 | D        | Killed a blink frog
  3500 | D        | Killed a black mamba
  3508 | D        | Killed a blink frog
  3510 | D        | Killed a death yak
  3529 | D        | Killed a death yak
  3821 | D        | Noticed an ice dragon
  3822 | D        | Noticed an ice dragon
  3823 | D        | Killed an ice dragon
  3824 | D        | Found Tiub's Jewellery Shoppe.
  3824 | D        | Found Qath's Food Boutique.
  3825 | D        | Killed an ice dragon
  3826 | D        | Found Viurihezeabb's Antique Weapon Emporium.
  3985 | D        | Noticed an azure jelly
  3985 | D        | Noticed an azure jelly
  3986 | D        | Noticed an elephant
  3986 | D        | Noticed an elephant
  3986 | D        | Noticed a dire elephant
  3986 | D        | Noticed a dire elephant
  3986 | D        | Noticed Gastronok
  3998 | D        | Killed a dire elephant
  4165 | D        | Killed a dire elephant
  4165 | D        | Reached skill level 20 in Stealth
  4167 | D        | Killed an elephant
  4167 | D        | Reached XP level 13. HP: 50/69 MP: 3/34
  4190 | D        | Killed an elephant
  4353 | D        | Killed Gastronok
  4353 | D        | Reached skill level 15 in Short Blades
  4377 | D        | Lost mutation: Your muscles are strong. (Str +2) [evolution]
  4699 | D        | Noticed an orc priest
  4699 | D        | Noticed an orc sorcerer
  4699 | D        | Noticed an orc priest
  4699 | D        | Noticed an orc high priest
  4700 | D        | Noticed an orc warrior
  4700 | D        | Noticed an orc wizard
  4700 | D        | Noticed an orc wizard
  4700 | D        | Noticed an orc warrior
  4700 | D        | Noticed an orc priest
  4700 | D        | Noticed an orc wizard
  4700 | D        | Noticed an orc priest
  4700 | D        | Found Meoh's Assorted Antiques.
  4701 | D        | Killed an orc high priest
  4703 | D        | Killed an orc priest
  4704 | D        | Killed an orc priest
  4707 | D        | Killed an orc priest
  4712 | D        | Killed an orc wizard
  4715 | D        | Killed an orc sorcerer
  4721 | D        | Killed an orc warrior
  4722 | D        | Killed an orc warrior
  4723 | D        | Killed an orc wizard
  4724 | D        | Killed an orc priest
  4724 | D        | Killed an orc wizard
  5015 | D        | Bought a potion of curing for 36 gold pieces
  5015 | D        | Bought a potion of magic for 96 gold pieces
  5016 | D        | Bought a runed robe for 18 gold pieces
  5017 | D        | Bought a +4 ring of dexterity for 297 gold pieces
  5017 | D        | Bought an uncursed ring of protection from cold for 275 gold pieces
  5017 | D        | Bought an uncursed amulet of resist corrosion for 220 gold pieces
  5099 | D        | Bought an uncursed ring of ice for 275 gold pieces
  5537 | D        | Noticed an ice dragon
  5537 | D        | Noticed an ice dragon
  5540 | D        | Killed an ice dragon
  5557 | D        | Killed an ice dragon
  5576 | D        | Noticed an ice dragon
  5646 | D        | Killed an ice dragon
  5806 | D        | Noticed a seven-headed hydra simulacrum
  5810 | D        | Killed a seven-headed hydra simulacrum
  5813 | D        | Got a decaying rune of Zot
  5949 | D        | Noticed a deep elf summoner
  5949 | D        | Noticed a deep elf summoner
  5949 | D        | Noticed a deep elf knight
  5949 | D        | Noticed a deep elf conjurer
  5949 | D        | Noticed a deep elf conjurer
  5956 | D        | Noticed a deep elf demonologist
  5958 | D        | Killed a deep elf knight
  5959 | D        | Killed a deep elf conjurer
  5961 | D        | Killed a deep elf conjurer
  5963 | D        | Killed a deep elf summoner
  5964 | D        | Noticed a deep elf demonologist
  5965 | D        | Killed a deep elf summoner
  5965 | D        | Reached skill level 21 in Stealth
  6065 | D        | Noticed a deep elf conjurer
  6066 | D        | Noticed a deep elf annihilator
  6074 | D        | Killed a deep elf annihilator
  6139 | D        | Noticed a deep elf high priest
  6145 | D        | Killed a deep elf conjurer
  6318 | D        | Noticed a deep elf master archer
  6322 | D        | Killed a deep elf demonologist
  6459 | D        | Noticed an Executioner
  6875 | D        | Noticed a deep elf high priest
  7590 | D        | Killed a deep elf demonologist
  7868 | D        | Killed a deep elf master archer
  7956 | D        | Killed a deep elf high priest
  8133 | D        | Killed an azure jelly
  8167 | D        | Killed an azure jelly
  8262 | D        | Killed an azure jelly
  8262 | D        | Reached skill level 22 in Stealth
  8263 | D        | Killed an azure jelly
  8263 | D        | Reached XP level 14. HP: 75/75 MP: 31/36
  8302 | D        | Bought an uncursed ring of flight for 175 gold pieces
  8515 | D        | Killed a deep elf high priest
  8558 | D        | Identified the Incunabulum of Translocation and Talismans
  8563 | D        | Identified the Papyrus of Darkness and Transmutation
  8976 | D        | Learned a level 4 spell: Cause Fear
  8983 | D        | Learned a level 6 spell: Deflect Missiles
  8992 | D        | Learned a level 8 spell: Discord
  9016 | D        | Learned a level 1 spell: Apportation
  9022 | D        | Learned a level 5 spell: Phase Shift
  9038 | D        | Learned a level 2 spell: Stoneskin
  9081 | D        | Learned a level 6 spell: Poisonous Cloud
  9132 | D        | Noticed Sigmund
  9132 | D        | Noticed Edmund
  9134 | D        | Killed Sigmund
  9134 | D        | Reached skill level 1 in Air Magic
  9134 | D        | Reached skill level 1 in Earth Magic
  9134 | D        | Reached skill level 1 in Poison Magic
  9135 | D        | Killed Edmund
  9146 | D        | Noticed an orc priest
  9146 | D        | Noticed an orc priest
  9147 | D        | Noticed an orc high priest
  9147 | D        | Noticed an orc high priest
  9148 | D        | Killed an orc priest
  9149 | D        | Killed an orc priest
  9151 | D        | Killed an orc high priest
  9152 | D        | Killed an orc high priest
  9210 | D        | Noticed a spriggan defender
  9211 | D        | Noticed a spriggan defender
  9211 | D        | Noticed a spriggan defender
  9211 | D        | Noticed a spriggan defender
  9212 | D        | Killed a spriggan defender
  9213 | D        | Killed a spriggan defender
  9215 | D        | Killed a spriggan defender
  9216 | D        | Killed a spriggan defender
  9320 | D        | Noticed a brown ugly thing
  9322 | D        | Killed a brown ugly thing
  9325 | D        | Noticed a brown ugly thing
  9335 | D        | Killed a brown ugly thing
  9411 | D        | Noticed a slime creature
  9412 | D        | Noticed a redback
  9413 | D        | Killed a slime creature
  9416 | D        | Killed a redback
  9430 | D        | Noticed a centaur warrior
  9434 | D        | Killed a centaur warrior
  9675 | D        | Noticed an orange crystal statue
  9694 | D        | Killed an orange crystal statue
  9704 | D        | Found Edghic's Book Emporium.
  9704 | D        | Found Sasofivej's Armour Shop.
  9704 | D        | Found Qaotuema's Gadget Boutique.
  9704 | D        | Found Awirosum's Assorted Antiques.
  9704 | D        | Found Iciu's Book Boutique.
  9704 | D        | Found Reczacod's Magic Scroll Emporium.
  9704 | D        | Found Wouroeh's Gadget Shoppe.
  9704 | D        | Found Hyec's Antique Weapon Shop.
  9704 | D        | Found Cef Peji's Distillery.
  9704 | D        | Found Xireylac's Antique Armour Emporium.
  9704 | D        | Found Reodig's Food Emporium.
  9704 | D        | Found Nemuel's Jewellery Boutique.
  9725 | D        | Bought a scroll of enchant weapon for 97 gold pieces
  9725 | D        | Bought a scroll of identify for 26 gold pieces
  9725 | D        | Bought a scroll of identify for 26 gold pieces
  9725 | D        | Bought a scroll of enchant weapon for 97 gold pieces
  9732 | D        | Bought a scroll of brand weapon for 260 gold pieces
  9734 | D        | Bought a +2 cloak for 231 gold pieces
  9741 | D        | Bought an encrusted rapier for 180 gold pieces
  9741 | D        | Identified the cursed +1 rapier of Winter {freeze, +Fly} (You bought it in a shop in the Dungeon)
  9810 | D        | Noticed a fire dragon
  9811 | D        | Killed a fire dragon
  9839 | D        | Noticed a short sword of draining
  9839 | D        | Noticed a short sword of speed
  9839 | D        | Noticed a war axe of holy wrath
  9840 | D        | Noticed a flail of draining
  9844 | D        | Killed a flail of draining
  9852 | D        | Killed a short sword of speed
  9864 | D        | Killed a short sword of draining
  9866 | D        | Killed a war axe of holy wrath
 10080 | D        | Noticed a yaktaur captain
 10080 | D        | Noticed a yaktaur
 10082 | D        | Noticed a yaktaur captain
 10082 | D        | Noticed a yaktaur captain
 10082 | D        | Killed a yaktaur captain
 10082 | D        | Reached skill level 23 in Stealth
 10087 | D        | Killed a yaktaur
 10092 | D        | Killed a yaktaur captain
 10099 | D        | Killed a yaktaur captain
 10099 | D        | Reached skill level 5 in Translocations
 10114 | D        | Noticed Azrael
 10116 | D        | Killed Azrael
 10153 | D        | Learned a level 6 spell: Poison Arrow
 10337 | D        | Noticed a yaktaur captain
 10337 | D        | Noticed a redback
 10338 | D        | Noticed a slime creature
 10338 | D        | Noticed a brown ugly thing
 10338 | D        | Noticed an elephant
 10339 | D        | Killed a redback
 10339 | D        | Reached skill level 10 in Fighting
 10339 | D        | Reached skill level 10 in Ice Magic
 10341 | D        | Killed a brown ugly thing
 10343 | D        | Killed an elephant
 10347 | D        | Killed a slime creature
 10403 | D        | Killed a yaktaur captain
 10403 | D        | Reached skill level 5 in Transmutations
 10771 | D        | Noticed a mana viper
 10772 | D        | Noticed Chuck
 10772 | D        | Noticed a wolf spider
 10773 | D        | Killed a mana viper
 10773 | D        | Reached skill level 5 in Charms
 10781 | D        | Killed a wolf spider
 11059 | D        | Killed Chuck
 11234 | D        | Noticed Frederick
 11237 | D        | Killed Frederick
 11249 | D        | Noticed a red ugly thing
 11249 | D        | Noticed a slime creature
 11253 | D        | Killed a slime creature
 11258 | D        | Killed a red ugly thing
 11282 | D        | Noticed a lich
 11285 | D        | Killed a lich
 11300 | D        | Noticed an ogre mage
 11300 | D        | Noticed a shadow dragon
 11300 | D        | Noticed a shadow dragon
 11301 | D        | Killed a shadow dragon
 11302 | D        | Killed a shadow dragon
 11302 | D        | Reached XP level 15. HP: 81/81 MP: 39/39
 11303 | D        | Killed an ogre mage
 11303 | D        | Reached skill level 5 in Poison Magic
 11312 | D        | Noticed an obsidian statue
 11312 | D        | Noticed a slime creature
 11312 | D        | Noticed a purple ugly thing
 11313 | D        | Noticed a shock serpent
 11314 | D        | Killed a purple ugly thing
 11322 | D        | Killed a shock serpent
 11324 | D        | Killed a slime creature
 11346 | D        | Killed an obsidian statue
 11575 | D        | Noticed a skeletal warrior
 11575 | D        | Noticed a skeletal warrior
 11575 | D        | Noticed a skeletal warrior
 11575 | D        | Noticed a skeletal warrior
 11576 | D        | Noticed an ancient lich
 11577 | D        | Killed a skeletal warrior
 11577 | D        | Reached skill level 24 in Stealth
 11578 | D        | Killed a skeletal warrior
 11580 | D        | Killed a skeletal warrior
 11581 | D        | Killed a skeletal warrior
 11638 | D        | Got a warped great sword
 11640 | D        | Killed Nessos
 11956 | D        | Noticed a guardian mummy
 11957 | D        | Noticed a mummy priest
 11957 | D        | Noticed a sphinx
 11957 | D        | Noticed a sphinx
 11957 | D        | Noticed a mummy priest
 11958 | D        | Killed a mummy priest
 11974 | D        | Killed a guardian mummy
 11991 | D        | Gained mutation: Your spells are a little harder to cast, but a little more powerful. [evolution]
 11992 | D        | Killed a sphinx
 11992 | D        | Reached skill level 5 in Air Magic
 11992 | D        | Reached skill level 5 in Earth Magic
 12006 | D        | Killed a sphinx
 12242 | D        | Killed a mummy priest
 12388 | D        | Noticed a mummy priest
 12389 | D        | Noticed a guardian mummy
 12390 | D        | Killed a mummy priest
 12392 | D        | Killed a guardian mummy
 12462 | D        | Noticed a guardian mummy
 12462 | D        | Noticed a mummy priest
 12462 | D        | Noticed a guardian mummy
 12462 | D        | Noticed a mummy priest
 12464 | D        | Killed a guardian mummy
 12466 | D        | Killed a mummy priest
 12469 | D        | Killed a mummy priest
 12472 | D        | Killed a guardian mummy
 12487 | D        | Noticed a guardian mummy
 12568 | D        | Noticed a guardian mummy
 12569 | D        | Killed a guardian mummy
 12570 | D        | Noticed a guardian mummy
 12570 | D        | Noticed a guardian mummy
 12570 | D        | Noticed a guardian mummy
 12570 | D        | Noticed a guardian mummy
 12571 | D        | Killed a guardian mummy
 12573 | D        | Killed a guardian mummy
 12574 | D        | Killed a guardian mummy
 12577 | D        | Killed a guardian mummy
 12584 | D        | Killed a guardian mummy
 12924 | D        | Noticed a crystal guardian
 12925 | D        | Killed a crystal guardian
 12927 | D        | Noticed a crystal guardian
 12927 | D        | Noticed a crystal guardian
 12927 | D        | Noticed a crystal guardian
 12928 | D        | Killed a crystal guardian
 12931 | D        | Killed a crystal guardian
 12934 | D        | Killed a crystal guardian
 12934 | D        | Reached skill level 15 in Hexes
 12991 | D        | Noticed a fire elementalist statue
 12991 | D        | Noticed an earth elementalist statue
 12995 | D        | Noticed a water elementalist statue
 12995 | D        | Noticed an air elementalist statue
 13180 | D        | Killed a yaktaur
 13224 | D        | Killed a fire elementalist statue
 13282 | D        | Killed a water elementalist statue
 13414 | D        | Killed an air elementalist statue
 13627 | D        | Killed an earth elementalist statue
 13627 | D        | Reached skill level 10 in Armour
 13685 | D        | Noticed an iron troll simulacrum
 13685 | D        | Noticed a spectral iron dragon
 13705 | D        | Killed a spectral iron dragon
 13842 | D        | Noticed a spectral iron dragon
 13842 | D        | Noticed Boris
 13842 | D        | Noticed a golden dragon zombie
 13842 | D        | Noticed a golden dragon zombie
 13843 | D        | Killed a golden dragon zombie
 13845 | D        | Killed an iron troll simulacrum
 13846 | D        | Killed a spectral iron dragon
 13848 | D        | Killed a golden dragon zombie
 13849 | D        | Killed Boris
 13849 | D        | Reached skill level 25 in Stealth
 13883 | D        | Noticed a stone giant skeleton
 13885 | D        | Killed a stone giant skeleton
 13889 | D        | Noticed an anaconda zombie
 13891 | D        | Killed an anaconda zombie
 13899 | D        | Found Atsac's Armour Emporium.
 13899 | D        | Found Reiwayp's Food Shop.
 13899 | D        | Found Momo Etua's Armour Shop.
 13899 | D        | Found Gafacud's Distillery.
 13899 | D        | Noticed an oklob plant
 13900 | D        | Noticed an oklob plant
 13901 | D        | Killed an oklob plant
 13901 | D        | Reached skill level 10 in Translocations
 13902 | D        | Killed an oklob plant
 13919 | D        | Found Wuleyhup's Distillery.
 13919 | D        | Noticed an iron troll simulacrum
 13923 | D        | Killed an iron troll simulacrum
 13934 | D        | Noticed a mottled draconian knight
 13934 | D        | Noticed a red draconian knight
 13937 | D        | Noticed Roxanne
 13982 | D        | Killed Roxanne
 13982 | D        | Reached skill level 10 in Charms
 13985 | D        | Identified Roxanne's Compendium of the Mutagenic Rocks (You took it off Roxanne in the Dungeon)
 14154 | D        | Noticed an ice devil
 14154 | D        | Noticed a hell beast
 14154 | D        | Noticed a sun demon
 14154 | D        | Noticed a sun demon
 14154 | D        | Noticed a hell beast
 14154 | D        | Noticed a soul eater
 14224 | D        | Noticed a hornet
 14225 | D        | Killed a hornet
 14226 | D        | Noticed a hornet
 14229 | D        | Killed a hornet
 14236 | D        | Noticed a wasp
 14237 | D        | Killed a wasp
 14258 | D        | Noticed a shadow wraith
 14258 | D        | Noticed a skeletal warrior
 14258 | D        | Noticed a mummy priest
 14259 | D        | Noticed a skeletal warrior
 14260 | D        | Killed a mummy priest
 14260 | D        | Reached skill level 10 in Conjurations
 14264 | D        | Killed a shadow wraith
 14286 | D        | Killed a skeletal warrior
 14313 | D        | Killed a skeletal warrior
 14480 | D        | Noticed a slime creature
 14480 | D        | Noticed a large slime creature
 14480 | D        | Noticed a slime creature
 14480 | D        | Noticed a slime creature
 14481 | D        | Killed a slime creature
 14484 | D        | Killed a large slime creature
 14489 | D        | Killed a large slime creature
 14534 | D        | Noticed a molten gargoyle
 14535 | D        | Noticed a vampire knight
 14535 | D        | Noticed Mara
 14535 | D        | Noticed a vampire knight
 14536 | D        | Killed a molten gargoyle
 14538 | D        | Noticed Kidiri's illusion
 14682 | D        | Killed Kidiri's illusion
 14856 | D        | Gained mutation: You possess an exceptional clarity of mind. [evolution]
 15008 | D        | Killed a vampire knight
 15010 | D        | Noticed Kidiri's illusion
 15034 | D        | Killed Kidiri's illusion
 15041 | D        | Noticed Kidiri's illusion
 15175 | D        | HP: 4/82 [Mara (illusionary)/demon blade of draining (8)]
 15387 | D        | Killed a vampire knight
 15400 | D        | Killed Mara
 15400 | D        | Reached skill level 10 in Transmutations
 15400 | D        | Reached XP level 16. HP: 87/87 MP: 41/41
 15419 | D        | Noticed an ancient champion
 15420 | D        | Killed an ancient champion
 15422 | D        | Got a pitted hunting sling
 15690 | D        | Noticed a four-headed hydra simulacrum
 15690 | D        | Noticed a fire dragon simulacrum
 15692 | D        | Noticed a six-headed hydra simulacrum
 15693 | D        | Noticed a six-headed hydra simulacrum
 15701 | D        | Killed a fire dragon simulacrum
 15704 | D        | Killed a six-headed hydra simulacrum
 15708 | D        | Killed a four-headed hydra simulacrum
 15710 | D        | Killed a six-headed hydra simulacrum
 16261 | D        | Noticed a shining eye
 16261 | D        | Noticed an acid blob
 16261 | D        | Noticed an azure jelly
 16264 | D        | Found a viscous altar of Jiyva.
 16264 | D        | Noticed the royal jelly
 16266 | D        | Killed a shining eye
 16272 | D        | Killed an acid blob
 16272 | D        | Reached skill level 1 in Shields
 16273 | D        | Killed an azure jelly
 16278 | D        | Noticed a shining eye
 16278 | D        | Noticed an azure jelly
 16278 | D        | Noticed an azure jelly
 16451 | D        | Paralysed by a giant eyeball for 4 turns
 16455 | D        | Killed a shining eye
 16698 | D        | Killed an azure jelly
 16764 | D        | Killed an azure jelly
 16764 | D        | Reached skill level 26 in Stealth
 17242 | D        | Noticed a guardian mummy
 17242 | D        | Noticed a guardian mummy
 17242 | D        | Noticed a mummy priest
 17242 | D        | Noticed a guardian mummy
 17242 | D        | Noticed a guardian mummy
 17242 | D        | Noticed a mummy priest
 17242 | D        | Noticed a greater mummy
 17242 | D        | Noticed a guardian mummy
 17242 | D        | Noticed a guardian mummy
 17242 | D        | Noticed a mummy priest
 17242 | D        | Noticed a greater mummy
 17242 | D        | Noticed a guardian mummy
 17242 | D        | Noticed a guardian mummy
 17242 | D        | Noticed a mummy priest
 17243 | D        | Killed a guardian mummy
 17245 | D        | Killed a guardian mummy
 17253 | D        | Killed a guardian mummy
 17254 | D        | Killed a guardian mummy
 17371 | D        | Killed a guardian mummy
 17592 | D        | Killed a guardian mummy
 17764 | D        | Killed a mummy priest
 17957 | D        | Killed a guardian mummy
 17959 | D        | Killed a guardian mummy
 18378 | D        | Killed a mummy priest
 18612 | D        | Slain by an emperor scorpion

Vault maps used:
D:        dungeon_sprint_mu

Action                   |  1- 3 |  4- 6 |  7- 9 | 10-12 | 13-15 | 16-18 || total
-------------------------+-------+-------+-------+-------+-------+-------++-------
Melee: Dagger            |    15 |    18 |    55 |   282 |    54 |       ||   424
       Quick blade       |       |       |       |       |   550 |    82 ||   632
       Rapier            |       |       |       |       |   138 |     1 ||   139
Throw: Throwing net      |       |       |       |       |     3 |       ||     3
 Cast: Dazzling Spray    |       |     9 |     3 |    55 |   256 |    49 ||   372
       Ensorcelled Hiber |       |     2 |    34 |    39 |    18 |       ||    93
       Confuse           |       |       |     6 |       |    19 |       ||    25
       Apportation       |       |       |       |       |     9 |       ||     9
       Phase Shift       |       |       |       |       |     1 |     5 ||     6
       Stoneskin         |       |       |       |       |     1 |     5 ||     6
       Poisonous Cloud   |       |       |       |       |     1 |     2 ||     3
       Poison Arrow      |       |       |       |       |     1 |     1 ||     2
       Tukima's Dance    |       |       |       |       |     4 |       ||     4
       Deflect Missiles  |       |       |       |       |       |     1 ||     1
Invok: Shadow Step       |       |       |       |    15 |    20 |     1 ||    36
 Abil: Evoke Flight      |       |       |       |       |     5 |     1 ||     6
       Evoke Invisibilit |       |       |       |       |     2 |       ||     2
Evoke: Wand              |       |       |       |       |     2 |       ||     2
  Use: Potion            |       |     2 |     1 |       |    14 |     4 ||    21
       Scroll            |       |     2 |       |       |    12 |     1 ||    15
 Stab: Sleeping          |     2 |     6 |    25 |    63 |    91 |     8 ||   195
       Confused          |       |       |     2 |       |     2 |       ||     4
       Invisible         |       |       |       |     8 |     9 |     1 ||    18
       Distracted        |       |       |       |     2 |     2 |     1 ||     5
       Held in net/web   |       |       |       |       |     3 |       ||     3
  Eat: Bread ration      |       |       |       |     1 |       |       ||     1
       Fruit             |       |       |       |       |     6 |       ||     6
       Royal jelly       |       |       |       |       |     3 |     2 ||     5
